Map: Amygdala

Players

iPlayDefense

  • Race: Terran Terran
  • League: Silver
  • Spawn Location: 1:00

Rocaen - Winner!

  • Race: Zerg Zerg
  • League: Gold
  • Spawn Location: 7:00

VOD

Have the link to the VOD?

Description

Time

  • Played on: April 13, 2025, 11:49 a.m.
  • Length: 7:56
Show
View Real Time Build Order
Export as new Build Order

iPlayDefense Terran 

Build Orders:  

Get SALT Encoding   

  12  0:32  Supply Depot, SCV  
  13  0:41  Refinery  
  13  0:44  SCV  
  14  0:56  SCV  
  14  0:57  Barracks  
  15  1:08  SCV  
  16  1:20  SCV  
  18  1:32  SCV  
  18  1:44  Barracks Reactor  
  18  1:45  Orbital Command  
  18  1:47  Engineering Bay  
  18  1:51  Refinery  
  18  2:05  Barracks  
  18  2:23  Marine  
  18  2:24  Marine  
  20  2:35  Barracks  
  20  2:41  SCV, Marine x2  
  23  2:55  Supply Depot  
  23  2:56  Barracks Tech Lab  
  23  2:59  Terran Infantry Weapons Level 1  
  23  3:16  Marine x2  
  23  3:17  Combat Shield, SCV  
  26  3:22  Barracks Tech Lab  
  26  3:27  Factory  
  26  3:29  SCV  
  26  3:31  Supply Depot  
  27  3:34  Marine x2  
  29  3:48  SCV  
  29  3:53  Supply Depot  
  30  3:59  Stimpack  
  30  4:00  SCV  
  31  4:12  SCV  
  31  4:13  Factory Tech Lab  
  32  4:30  Starport  
  32  4:41  Command Center  
  32  4:44  Marine  
  32  4:45  Marine x3  
  36  4:53  Supply Depot  
  36  5:02  Marine x2  
  38  5:34  Barracks Reactor  
  38  5:51  Supply Depot  
  38  5:52  Barracks Reactor  
  38  5:55  SCV  
  39  5:57  Marine  
  39  5:58  Marine  
  41  6:06  Orbital Command  
  41  6:07  SCV  
  42  6:15  Marine x2  
  44  6:19  SCV  
  45  6:31  SCV, Marine x3  
  45  6:32  Marine  
  50  6:33  Marine x2  
  52  6:43  SCV  
  53  6:47  Medivac  
  53  6:49  Marine x4  
  53  6:50  Marine  
  53  6:51  Marine  
  53  6:53  Supply Depot  
  61  6:55  SCV  
  61  6:58  SCV  
  61  6:59  Siege Tank  
  66  7:07  SCV, Marine x4  
  71  7:08  Marine  
  71  7:09  Marine, Armory  
  71  7:10  SCV  
  74  7:17  Medivac  
  76  7:24  Marine  
  77  7:40  SCV x2  
Show
View Real Time Build Order
Export as new Build Order

Rocaen Zerg - Winner!

Build Orders: Hatch First 

Get SALT Encoding   

  12  0:01  Drone  
  13  0:08  Drone  
  14  0:16  Drone, Extractor  
  15  0:24  Overlord  
  15  0:45  Hatchery  
  15  0:49  Drone  
  15  0:50  Drone  
  15  0:54  Drone  
  17  1:10  Spawning Pool  
  16  1:21  Drone x2  
  18  1:26  Extractor  
  18  1:27  Drone  
  18  1:32  Drone  
  19  1:43  Overlord  
  19  1:56  Queen  
  19  1:57  Queen  
  19  1:59  Drone  
  19  2:00  Drone  
  25  2:17  Zergling x4  
  25  2:18  Zergling x2  
  25  2:21  Drone  
  29  2:29  Metabolic Boost  
  29  2:43  Zergling x4  
  29  2:44  Zergling x4  
  32  2:47  Overlord  
  33  2:59  Drone x2  
  35  3:10  Drone x2  
  38  3:12  Zergling x2  
  38  3:18  Drone x4  
  42  3:29  Overlord x2  
  42  4:09  Drone x3  
  46  4:10  Drone x2  
  46  4:12  Overlord x2  
  46  4:14  Zergling x2  
  48  4:20  Queen  
  48  4:21  Queen  
  52  4:40  Baneling Nest  
  52  4:41  Hatchery, Drone  
  52  4:42  Drone x2  
  53  4:46  Extractor  
  52  5:07  Drone x3  
  55  5:17  Zergling x2  
  55  5:18  Zergling x12  
  62  5:42  Zergling x12  
  68  5:50  Overlord x2  
  68  5:51  Overlord  
  68  5:58  Lair  
  68  6:04  Evolution Chamber  
  68  6:05  Evolution Chamber  
  68  6:10  Hatchery  
  65  6:12  Baneling  
  65  6:13  Baneling x12  
  65  6:15  Drone x3  
  68  6:23  Drone x2  
  70  6:37  Zergling x10  
  70  6:38  Zergling x14  
  81  6:52  Zergling x18  
  90  6:59  Drone  
  91  7:02  Drone x2  
  93  7:12  Zergling x6  
  96  7:28  Zergling x14  
  103  7:30  Overlord  
  103  7:31  Overlord x4  
Tags
 
Matchup
TvZ
Replay Pack
DaveSC2
Spawn Locations
Cross Positions
Add a new tag
Caveats
  • Supply blocks, unpowered buildings, or Contaminate may cause inaccurate times.
  • Supply counts are checked every 10 seconds.